 Dungeon Crawl Stone Soup version 0.30-a0-12-gd8047c6341 (webtiles) character file.

Game seed: 17356884382143507462

21 fingers the Shield-Bearer (level 2, 0/29 HPs)
             Began as a Troll Fighter on Aug 23, 2022.
             Slain by a hobgoblin (5 damage)
             ... led by Robin
             ... on level 2 of the Dungeon.
             The game lasted 00:01:35 (312 turns).

fingers the Shield-Bearer (Troll Fighter)            Turns: 312, Time: 00:01:35

Health: 0/29       AC:  4    Str: 23    XL:     2   Next: 62%
Magic:  1/1        EV:  8    Int:  4    God:
Gold:   0          SH:  7    Dex:  9    Spells: 1/1 levels left

rFire   . . .      SeeInvis .    a - +0 flail
rCold   . . .      Faith    .    c - +0 kite shield
rNeg    . . .      Spirit   .    b - +0 robe
rPois   .          Reflect  .    (helmet restricted)
rElec   .          Harm     .    (no cloak)
rCorr   .          Rampage  .    (gloves unavailable)
Will    .....                    (boots unavailable)
Stlth   +.........               (no amulet)
HPRegen 0.89/turn                (no ring)
MPRegen 0.07/turn                (no ring)

@: no status effects
A: large, unfitting armour, claws 3, regeneration 1, shaggy fur 1, tough skin 1
a: no special abilities


You were on level 2 of the Dungeon.
You visited 1 branch of the dungeon, and saw 2 of its levels.

Inventory:

Hand Weapons
 a - a +0 flail (weapon)
 e - a +0 quarterstaff
Armour
 b - a +0 robe (worn)
 c - a +0 kite shield (worn)
Scrolls
 f - a scroll of enchant armour {unknown}
Potions
 d - a potion of might


   Skills:
 + Level 2.6 Fighting
 * Level 2.2 Maces & Flails
 + Level 2.6 Dodging
 + Level 2.9 Shields


You had one spell level left.
You didn't know any spells.
Your spell library contained the following spells:

 Spells                   Type           Power      Damage    Failure   Level
 Magic Dart               Conj           0%         1d3       80%         1
 Searing Ray              Conj           0%         2d4       91%         2
 Fulminant Prism          Conj/Hex       0%         3d6       100%        4


Dungeon Overview and Level Annotations

Branches:
Dungeon (1/15)

Altars:
Okawaru

Annotations:
D:2 Robin


Innate Abilities, Weirdness & Mutations

You are too large for most types of armour.
You have claws for hands.
Your natural rate of healing is unusually fast.
You are covered in fur. (AC +1)
You have tough skin. (AC +1)


Message History

The hobgoblin attacks as you move away! You block the hobgoblin's attack.
Robin shouts!
You hear a shout!
Robin throws the goblin at you! The goblin hits you but does no damage.
You hear a shout!
You block the hobgoblin's attack.
You barely miss the goblin.
The hobgoblin hits you but does no damage.
The goblin barely misses you. The goblin hits you but does no damage.
You block the goblin's attack. You block the hobgoblin's attack.
You block the goblin's attack.
You hit the goblin.
The goblin is severely wounded.
Robin roars a battlecry!
The goblins go into a battle-frenzy!
You block the hobgoblin's attack. The goblin hits you with a +0 dagger.
The goblin hits you but does no damage.
You hear a shout!
You hit the goblin.
The goblin is moderately wounded.
The hobgoblin barely misses you. The goblin hits you but does no damage.
The goblin hits you with a +0 dagger. You block the goblin's attack.
Robin throws the goblin at you! The goblin hits you with a +0 dagger.
The hobgoblin hits you but does no damage.
A goblin comes into view. It is wielding a +0 club. x2
The hobgoblin closely misses you. The goblin hits you but does no damage.
You block the goblin's attack. You block Robin's attack.
You barely miss the hobgoblin. The hobgoblin hits you.
The goblin hits you with a +0 dagger. x2
Robin roars a battlecry!
The goblins go into a battle-frenzy!
You hit Robin but do no damage. Robin throws the goblin at you!
You block the hobgoblin's attack. The goblin hits you with a +0 dagger.
A goblin comes into view. It is wielding a +0 dagger.
The goblin hits you with a +0 dagger. The goblin hits you with a +0 club.
The goblin hits you but does no damage. Robin hits you with a +0 spear.
* * * LOW HITPOINT WARNING * * *
You block the goblin's attack. The goblin hits you with a +0 dagger.
* * * LOW HITPOINT WARNING * * *
The hobgoblin hits you.
You die...

#......# #.#
#......# #.#
##.####### #.#
.......... #.#
##.######. #.#
#.# #.# #.#
.#########.####
#.#
..<...ggg.....#
#.#
..#####@g..##.#
#.# #g#### #
#.# ....
#.!..## #g####
#. #


You could see Robin, a hobgoblin (strong) and 4 goblins.

Vanquished Creatures
  A worm (D:2)
  A dart slug (D:2)
  A ball python (D:2)
  2 bats
  A giant cockroach (D:2)
  2 goblins
  2 hobgoblins
  2 frilled lizards (D:2)
  3 kobolds (D:2)
15 creatures vanquished.

Notes
Turn   | Place    | Note
-------+----------+-------------------------------------------
     0 | D:1      | fingers the Troll Fighter began the quest for the Orb.
     0 | D:1      | Reached XP level 1. HP: 22/22 MP: 0/0
    20 | D:1      | Found an iron altar of Okawaru.
    95 | D:1      | You fall into a shaft and drop 1 floor!
   122 | D:2      | Reached XP level 2. HP: 29/29 MP: 1/1
   304 | D:2      | Noticed Robin
   312 | D:2      | Slain by a hobgoblin

Illustrated notes

Levels and vault maps discovered:
D:1:      sevenhm_arrival_forest_fort_small_6, layout_loops_cross,
          minmay_ruptured
D:2:      layout_loops_ring, uniq_robin

Skill      XL: |  1 |
---------------+----+-----
Maces & Flails | 2 |  2.2
Fighting       | |  2.6
Dodging        | |  2.6
Shields        | |  2.9

Action                   || total
-------------------------++-------
Melee: Flail             ||    43
Armor: Robe              ||    26
Dodge: Dodged            ||    21
Block: Kite shield       ||    24

Table legend: (Time is in decaauts)
 A = Elapsed time spent in this place.
 B = Non-inter-level travel time spent in this place.
 C = Inter-level travel time spent in this place.
 D = Time resting spent in this place.
 E = Time spent auto-exploring this place.
 F = Levels seen in this place.
 G = Mean time per level.
                   A        B        C        D        E       F      G
               +--------+--------+--------+--------+--------+-----+--------+
         Total |    329 |    329 |      0 |      6 |    124 |   2 |  164.5 |
       Dungeon |    329 |    329 |      0 |      6 |    124 |   2 |  164.5 |
               +--------+--------+--------+--------+--------+-----+--------+

Top non-repeatable levels by time:
     D:2: 232 daAuts
     D:1: 97 daAuts
